 Dungeon Sprint DCSS version 0.24.0-123-gd5b16e6ec5 (webtiles) character file.

Game seed: 10733349011228354323, levelgen mode: deterministic

105 Bombadil the Firebug (level 4, -5/24 HPs)
             Began as a Tengu Fire Elementalist on Jan 21, 2020.
             Slain by Sigmund
             ... wielding a +0 scythe
              (14 damage)
             ... in the Dungeon (Sprint I: "Red Sonja").
             The game lasted 00:00:54 (369 turns).

Bombadil the Firebug (Tengu Fire Elementalist)       Turns: 369, Time: 00:00:55

Health: -5/24      AC:  2    Str:  9    XL:     4   Next: 83%
Magic:  4/11       EV: 14    Int: 16    God:
Gold:   54         SH:  0    Dex: 14    Spells: 3/11 levels left

rFire    . . .     SeeInvis .     - Unarmed
rCold    . . .     Gourm    .   (no shield)
rNeg     . . .     Faith    .   a - +0 robe
rPois    .         Spirit   .   (helmet restricted)
rElec    .         Reflect  .   (no cloak)
rCorr    .         Harm     .   (no gloves)
MR       .....     NoTele   +   (boots unavailable)
Stlth    ++........             (no amulet)
HPRegen  0.08/turn              (no ring)
MPRegen  0.12/turn              (no ring)

@: no status effects
A: beak, talons 3
a: no special abilities


You were in the Dungeon.
You were not hungry.

You visited 1 branch You collected 54 gold pieces.

Inventory:

Armour
 a - a +0 robe (worn)
 h - a +3 scale mail of fire resistance
Wands
 b - a wand of random effects (13)
Scrolls
 i - a scroll of blinking
Potions
 d - a potion of curing
 e - a potion of heal wounds
 f - a potion of haste
 g - 2 potions of magic
Comestibles
 c - a ration


   Skills:
 + Level 4.5 Dodging
 + Level 3.2 Stealth
 + Level 1.8 Unarmed Combat
 + Level 4.0 Spellcasting
 + Level 2.4 Conjurations
 + Level 7.7 Fire Magic


You had 3 spell levels left.
You knew the following spells:

 Your Spells              Type           Power        Failure   Level  Hunger
a - Flame Tongue          Conj/Fire      ###..        1%          1    None
b - Conjure Flame         Conj/Fire      ###.....     6%          3    ###....
c - Sticky Flame          Conj/Fire      ###.....     21%         4    ####...

Your spell library contained the following spells:

 Spells                   Type           Power        Failure   Level  Hunger
 Throw Flame              Conj/Fire      ###...       3%          2    ##.....
 Inner Flame              Hex/Fire       ###.....     11%         3    ###....
 Fireball                 Conj/Fire      ###.......   50%         5    ######.


Dungeon Overview and Level Annotations

Branches:
Dungeon (1/1)

Altars:

Annotations:
D Sigmund


Innate Abilities, Weirdness & Mutations

You have a beak for a mouth.
You have claws for feet.


Message History

Sigmund casts a spell at you. The puff of flame hits you!
Casting: Flame Tongue (safe; 1% risk of failure)
Confirm with . or Enter, or press ? or * to list all spells.
Aiming: Flame Tongue (safe; 1% risk of failure)
Press: ? - help, Shift-Dir - straight line, f/p - Sigmund
Aim: Sigmund, wielding a +0 scythe and wearing a +2 robe of fire resistance (moderately wounded, covered in liquid flames)
The flame tongue hits Sigmund.
Sigmund resists.
Sigmund is moderately wounded.
Sigmund burns!
Sigmund misses you.
Casting: Flame Tongue (safe; 1% risk of failure)
Confirm with . or Enter, or press ? or * to list all spells.
Aiming: Flame Tongue (safe; 1% risk of failure)
Press: ? - help, Shift-Dir - straight line, f/p - Sigmund
Aim: Sigmund, wielding a +0 scythe and wearing a +2 robe of fire resistance (moderately wounded, covered in liquid flames)
The flame tongue hits Sigmund.
Sigmund resists.
Sigmund is heavily wounded.
Sigmund burns!
Sigmund stops burning.
Sigmund hits you with a +0 scythe!
Ouch! That really hurt!
You die...

########## ##
#<@#))'..#..+
#..@..#..'..#
#..#####'####
#..# #..#
#..# ####
#..# #⌠⌠#
####


You could see Sigmund.

Vanquished Creatures
  An ogre (D)
  Ijyb (D)
2 creatures vanquished.

Notes
Turn   | Place    | Note
-------+----------+-------------------------------------------
     0 | D        | Bombadil the Tengu Fire Elementalist began the quest for
                  | the Orb.
     0 | D        | Reached XP level 1. HP: 10/10 MP: 4/4
     1 | D        | Noticed Ijyb
    23 | D        | Killed Ijyb
    23 | D        | Reached skill level 1 in Unarmed Combat
    23 | D        | Reached skill level 5 in Fire Magic
    23 | D        | Reached XP level 2. HP: 11/15 MP: 1/6
   158 | D        | Noticed an ogre
   162 | D        | Killed an ogre
   162 | D        | Reached skill level 7 in Fire Magic
   162 | D        | Reached XP level 3. HP: 19/19 MP: 2/9
   162 | D        | Reached XP level 4. HP: 24/24 MP: 2/11
   348 | D        | Learned a level 3 spell: Conjure Flame
   353 | D        | Learned a level 4 spell: Sticky Flame
   354 | D        | Noticed Sigmund
   369 | D        | Slain by Sigmund

Levels and vault maps discovered:
D:        dungeon_sprint_1 [red_sonja_temple_1, red_sonja_temple_small_1]

Skill      XL: |  1  2 |
---------------+-------+-----
Dodging        | 3 4 |  4.5
Unarmed Combat | 1 |  1.8
Fire Magic     | 5 7 |  7.7
Stealth        | 3 |  3.2
Spellcasting   | 4 |  4.0
Conjurations   | 2 |  2.4

Action                   |  1- 3 |  4- 6 || total
-------------------------+-------+-------++-------
Melee: Unarmed           |    17 |       ||    17
       Kick              |     6 |       ||     6
       Peck              |     2 |       ||     2
 Cast: Flame Tongue      |     7 |     4 ||    11
       Sticky Flame      |       |     1 ||     1
  Use: Potion            |     1 |       ||     1
Armor: Robe              |     1 |       ||     1
Dodge: Dodged            |     5 |     2 ||     7
